cohdb
Replays
Latest Replays
All Replays
Popular Replays
Top Player Replays
Match Explorer
How It Works
Community
CoH3 Stats
Reddit
Sign in to upload your games and track your stats! →
Sign in with Steam
Match 39387499
Unlisted
Match 39387499
Overview
Messages
Build Orders
End
Kradschützen Motorcycle Team
Selects Armored Support Battlegroup
Panzergrenadier Squad
Panzergrenadier Squad
Construct Light Support Kompanie
MG34 Team
Fire Support Elements
Vehicle Survival Package
Flakvierling Half-track
Panzerjäger Mechanized Group
Panzerpioneer Squad
le.IG 18 Support Gun Team
Selects Salvage Kits
Selects Panzer Storm
Construct Panzerarmee Kommand
Panzer III L Medium Tank
le.IG 18 Mechanized Group
Panzer III L Medium Tank
Emergency Repair Kits
Selects Stuka Anti-tank Loiter
Stuka Anti-tank Loiter
2.5-tonne Medical Truck
Panzer III L Medium Tank
Selects Veteran Gunners
Selects Veteran Gunners
Armored Reserves
Stuka Anti-tank Loiter
le.IG 18 Support Gun Team
Selects Flammpanzer III Medium Tank
MG34 Team
le.IG 18 Support Gun Team
Rapid Advance
Selects Command Panzer IV F Medium Tank
Tiger Heavy Tank
Stuka Anti-tank Loiter
Stuka Anti-tank Loiter
Command Panzer IV F Medium Tank
rickysheuS03
Leiarde
Suqin
『BlackBear』
追坦克的喵
MoronPark-打我自动下载原神
0
0
Comments
sign in to comment!
No comments posted yet!